Map: [ESL] Goldenaura

Players

Wayne

  • Race: Zerg Zerg
  • Spawn Location: 12:00

Clem - Winner!

  • Race: Terran Terran
  • Spawn Location: 5:00

Event: ESL SC2 Masters 2023 Winter (Regional)

VOD

Have the link to the VOD?

Description

Time

  • Played on: Oct. 28, 2023, 12:11 p.m.
  • Length: 13:47

All games in this series

Show
View Real Time Build Order
Export as new Build Order

Wayne Zerg 

Build Orders: Hatch First 

Get SALT Encoding   

  12  0:00  Drone  
  13  0:12  Overlord  
  13  0:17  Drone  
  14  0:30  Drone x2  
  16  0:48  Hatchery  
  15  0:51  Drone  
  15  0:55  Drone  
  17  0:58  Drone  
  18  1:09  Extractor  
  17  1:14  Spawning Pool  
  17  1:17  Drone  
  17  1:20  Drone  
  18  1:28  Drone  
  19  1:38  Drone  
  20  1:48  Overlord  
  20  2:00  Queen x2  
  20  2:01  Zergling x4  
  26  2:11  Drone x2  
  26  2:13  Metabolic Boost  
  28  2:21  Drone x2  
  29  2:37  Hatchery  
  29  2:38  Drone  
  29  2:41  Drone  
  30  2:45  Queen  
  30  2:51  Overlord  
  32  2:54  Drone  
  32  2:55  Drone  
  32  2:57  Drone  
  35  3:04  Drone  
  36  3:09  Overlord  
  36  3:10  Queen  
  38  3:15  Drone x2  
  38  3:17  Drone  
  38  3:18  Drone  
  41  3:20  Zergling x2  
  42  3:27  Zergling x2  
  42  3:29  Queen  
  42  3:32  Zergling x2  
  46  3:37  Drone  
  46  3:38  Drone  
  46  3:40  Extractor  
  47  3:42  Drone x3  
  50  3:48  Queen  
  50  3:51  Overlord  
  50  3:54  Overlord  
  52  3:56  Drone  
  52  4:00  Drone x3, Overlord  
  56  4:08  Queen  
  58  4:10  Drone  
  58  4:14  Drone  
  58  4:15  Evolution Chamber x2  
  58  4:17  Drone  
  58  4:18  Drone  
  58  4:19  Drone  
  58  4:21  Drone  
  62  4:24  Drone x2  
  62  4:27  Drone x2  
  62  4:29  Drone  
  67  4:36  Drone  
  67  4:37  Drone  
  69  4:40  Zerg Ground Armor Level 1  
  69  4:41  Zerg Melee Weapons Level 1  
  69  4:45  Zergling x2  
  69  4:46  Zergling x8  
  69  4:51  Overlord  
  74  4:55  Drone  
  74  4:57  Lair  
  74  4:58  Zergling x4  
  77  5:03  Drone x2  
  77  5:05  Extractor  
  78  5:07  Overlord  
  78  5:08  Drone  
  78  5:11  Baneling Nest  
  78  5:14  Hatchery  
  77  5:17  Drone  
  77  5:18  Drone x3  
  81  5:23  Drone x2  
  81  5:26  Overlord  
  81  5:28  Zergling x6  
  86  5:32  Overlord  
  86  5:34  Overlord  
  86  5:38  Drone  
  86  5:41  Hatchery  
  86  5:44  Zergling x2, Overlord  
  86  5:45  Zergling x6  
  89  5:52  Overlord  
  89  5:56  Zergling x8  
  89  5:57  Zergling x6  
  96  6:01  Centrifugal Hooks  
  96  6:05  Zergling x6  
  96  6:10  Zergling x4  
  94  6:18  Queen  
  94  6:19  Queen x2  
  94  6:22  Zergling x8  
  94  6:25  Zergling x8  
  92  6:33  Overlord  
  92  6:34  Drone x6  
  92  6:35  Zerg Melee Weapons Level 2  
  92  6:36  Zerg Ground Armor Level 2  
  97  6:42  Overlord  
  97  6:43  Zergling x10  
  102  6:56  Drone x5  
  107  7:02  Baneling x7  
  107  7:06  Overlord  
  107  7:07  Zergling x6  
  107  7:08  Zergling x2, Hatchery  
  111  7:13  Zergling x8  
  114  7:18  Baneling x8  
  112  7:23  Zergling x12  
  112  7:25  Zergling x10  
  122  7:30  Zergling x10  
  122  7:36  Zergling x8  
  123  7:40  Baneling x7  
  123  7:44  Extractor, Drone x3  
  120  7:53  Zergling x20  
  120  7:58  Baneling x6  
  128  8:01  Zergling x18  
  128  8:02  Infestation Pit  
  129  8:21  Zergling x14  
  128  8:28  Zergling x10  
  128  8:29  Baneling  
  128  8:30  Overseer, Baneling x3  
  128  8:33  Zergling x10  
  136  8:35  Zergling x6  
  136  8:37  Baneling x5  
  136  8:41  Spore Crawler  
  136  8:42  Zergling x14  
  139  8:49  Zergling x4  
  139  8:52  Hive  
  139  8:54  Zergling x14  
  148  8:58  Zergling x4  
  147  9:03  Zergling x6  
  147  9:08  Zergling x6  
  149  9:14  Zergling x6  
  142  9:17  Zergling x2  
  142  9:18  Zergling x6  
  142  9:23  Zergling x16  
  140  9:27  Zergling x12  
  129  9:33  Zergling x8  
  129  9:36  Overlord  
  121  9:39  Drone x4  
  121  9:42  Baneling  
  121  9:43  Pneumatized Carapace, Overseer, Baneling x5  
  125  9:46  Zergling x8, Extractor  
  125  9:47  Extractor  
  125  9:50  Drone x5  
  132  9:58  Zergling x12  
  138  10:03  Overlord  
  138  10:05  Zergling x2  
  135  10:07  Overlord  
  135  10:10  Overseer  
  135  10:11  Zerg Ground Armor Level 3, Zerg Melee Weapons Level 3  
  135  10:12  Zergling x6  
  137  10:20  Zergling x6  
  124  10:26  Zergling x2  
  124  10:27  Zergling x26  
  114  10:33  Ultralisk Cavern  
  114  10:35  Zergling x14  
  120  10:36  Baneling x11  
  120  10:41  Zergling x10  
  125  10:47  Zergling x16  
  133  10:52  Adrenal Glands  
  133  10:57  Zergling x14  
  133  11:00  Zergling x6  
  133  11:03  Zergling x6  
  141  11:11  Zergling x10  
  143  11:20  Chitinous Plating  
  143  11:23  Ultralisk  
  143  11:24  Baneling x4  
  143  11:25  Baneling  
  149  11:26  Zergling x16  
  155  11:35  Overlord  
  137  11:40  Zergling x20  
  148  11:47  Ultralisk  
  148  11:51  Zergling x2  
  148  11:52  Zergling x12  
  155  11:54  Baneling  
  155  11:55  Baneling x4  
  155  12:00  Baneling x2  
  149  12:03  Drone x2  
  149  12:04  Ultralisk  
  149  12:08  Drone x2  
  159  12:09  Spore Crawler  
  159  12:11  Overseer  
  159  12:14  Overlord  
  153  12:17  Overlord  
  153  12:18  Zergling x12  
  153  12:19  Baneling x4  
  145  12:24  Zergling x8  
  145  12:29  Zergling x12  
  145  12:34  Overseer  
  142  12:38  Zergling x16  
  142  12:42  Zergling x10  
  149  12:48  Zergling x12  
  149  12:57  Zergling x12  
  141  13:00  Overseer  
  141  13:03  Zergling x8  
  134  13:07  Zergling x2, Ultralisk  
  134  13:09  Zergling x2  
  134  13:10  Zergling x6  
  140  13:20  Zergling x12  
  140  13:27  Zergling x8  
Show
View Real Time Build Order
Export as new Build Order

Clem Terran - Winner!

Build Orders: Reaper Expand 

Get SALT Encoding   

  12  0:00  SCV  
  13  0:12  SCV  
  14  0:17  Supply Depot  
  14  0:24  SCV  
  15  0:38  SCV  
  15  0:39  Barracks  
  16  0:42  Refinery  
  16  0:50  SCV  
  17  1:02  SCV  
  18  1:14  SCV  
  19  1:26  Reaper  
  19  1:27  Orbital Command  
  20  1:39  Command Center  
  20  1:48  Supply Depot  
  20  1:52  SCV  
  21  1:58  Marine  
  22  2:04  SCV  
  23  2:11  Factory  
  23  2:16  SCV  
  23  2:20  Barracks Reactor  
  24  2:28  SCV  
  25  2:39  Command Center  
  25  2:41  SCV  
  26  2:51  Orbital Command  
  26  2:53  SCV  
  27  3:00  Barracks  
  29  3:05  Hellion  
  29  3:07  SCV  
  29  3:11  Hellion  
  32  3:13  Barracks Tech Lab  
  32  3:18  SCV  
  32  3:19  SCV  
  34  3:23  Refinery  
  34  3:30  SCV  
  34  3:31  Hellion, SCV  
  34  3:32  Marine  
  39  3:36  Hellion  
  39  3:40  Stimpack  
  41  3:42  SCV  
  41  3:44  SCV  
  43  3:49  Starport  
  43  3:52  Marine  
  43  3:54  SCV  
  45  3:55  Orbital Command  
  45  3:59  SCV  
  45  4:02  Marine  
  47  4:03  Marine  
  47  4:06  SCV  
  47  4:07  Factory Reactor  
  47  4:08  Supply Depot  
  49  4:11  SCV  
  49  4:12  Marine  
  51  4:18  SCV  
  51  4:20  Marine  
  51  4:21  Marine  
  51  4:22  Supply Depot  
  51  4:23  SCV x2  
  56  4:30  SCV, Marine  
  58  4:34  Supply Depot  
  58  4:35  SCV  
  58  4:37  SCV  
  58  4:38  Marine  
  61  4:39  Marine  
  61  4:40  Barracks  
  61  4:42  SCV  
  63  4:46  Medivac  
  63  4:47  Medivac  
  63  4:48  Marine  
  63  4:52  SCV  
  69  4:54  Factory Tech Lab, SCV  
  69  4:55  Marine  
  69  4:56  Supply Depot  
  71  5:01  SCV  
  71  5:02  Refinery x2  
  71  5:03  Marine  
  71  5:04  SCV  
  74  5:08  SCV  
  74  5:10  Engineering Bay  
  74  5:11  Engineering Bay  
  74  5:13  SCV  
  76  5:17  SCV  
  76  5:19  Supply Depot  
  76  5:20  Combat Shield  
  76  5:21  Marine x2  
  78  5:25  SCV, Marine  
  78  5:26  Orbital Command, Starport Reactor  
  81  5:30  SCV  
  81  5:34  Siege Tank  
  84  5:37  SCV, Marine  
  84  5:39  Terran Infantry Weapons Level 1  
  84  5:42  SCV  
  87  5:43  Marine x2  
  87  5:44  Marine x2  
  87  5:46  Terran Infantry Armor Level 1  
  92  5:50  SCV  
  92  5:53  Barracks, SCV  
  92  5:54  Barracks, Marine, SCV  
  95  6:01  Marine  
  95  6:02  SCV, Supply Depot  
  97  6:05  SCV, Marine x2  
  97  6:06  SCV  
  101  6:17  Medivac  
  101  6:18  Siege Tank, Marine, Medivac  
  99  6:19  Marine  
  99  6:21  Marine  
  99  6:25  Marine  
  97  6:26  SCV x2  
  97  6:27  SCV, Marine  
  99  6:36  Supply Depot  
  99  6:37  Factory, Marine, Refinery  
  99  6:38  SCV x2, Marine, Armory  
  99  6:39  Marine, SCV  
  105  6:41  Barracks Reactor  
  105  6:44  Barracks Reactor, Marine  
  105  6:45  Marine  
  107  6:50  SCV x2  
  107  6:52  Supply Depot  
  109  6:57  Widow Mine, Medivac, Marine x3  
  116  7:02  Command Center  
  116  7:03  Marine  
  116  7:06  Supply Depot  
  117  7:08  Supply Depot x2  
  117  7:13  Medivac, Marine  
  117  7:15  Marine x2  
  122  7:18  Marine x2  
  122  7:19  Sensor Tower, Marine  
  122  7:20  Supply Depot  
  122  7:22  Factory Reactor  
  125  7:26  Marine  
  125  7:28  Marine x2  
  127  7:31  Marine  
  127  7:32  Marine x2, Medivac  
  127  7:33  Widow Mine  
  127  7:36  Marine x2  
  131  7:38  Marine  
  131  7:41  Supply Depot  
  131  7:43  Marine  
  133  7:44  Refinery  
  133  7:46  Terran Infantry Weapons Level 2, Marine  
  133  7:47  Medivac  
  133  7:50  Marine x2  
  133  7:51  Marine  
  135  7:53  Marine  
  135  7:54  Marine x2  
  135  7:56  Marine, Widow Mine  
  136  7:58  Supply Depot  
  136  7:59  Widow Mine x2  
  136  8:01  Marine  
  136  8:03  Terran Infantry Armor Level 2  
  136  8:04  Marine  
  142  8:08  Marine  
  143  8:12  Marine  
  143  8:13  Barracks  
  143  8:15  Barracks x2  
  144  8:20  Widow Mine  
  144  8:24  Widow Mine  
  144  8:26  Marine x3  
  150  8:28  Marine  
  150  8:29  Marine x2  
  147  8:35  Sensor Tower, Marine, SCV x3  
  147  8:37  Terran Vehicle And Ship Armor Level 1  
  147  8:41  Widow Mine  
  153  8:42  Supply Depot  
  153  8:45  Marine x3  
  153  8:47  Medivac, Widow Mine x2  
  156  8:49  SCV x2  
  156  8:51  Medivac  
  160  8:59  Marine  
  158  9:03  Widow Mine  
  158  9:08  Widow Mine, Marine  
  160  9:14  Widow Mine, Marine  
  160  9:17  Medivac  
  149  9:18  Marine  
  149  9:19  Marine  
  149  9:20  Marine  
  149  9:21  Medivac  
  149  9:23  Marine  
  149  9:24  Widow Mine, Marine  
  147  9:25  SCV  
  147  9:26  SCV  
  147  9:27  SCV  
  147  9:29  Widow Mine  
  147  9:30  Marine x2  
  147  9:31  Marine x3  
  114  9:34  Marine x2  
  114  9:35  Widow Mine  
  114  9:36  Marine  
  114  9:37  Marine x2  
  114  9:38  SCV  
  113  9:40  SCV  
  113  9:41  SCV  
  117  9:45  Widow Mine  
  117  9:46  Marine  
  117  9:47  Medivac  
  117  9:50  Marine, SCV  
  117  9:52  SCV  
  123  9:53  Widow Mine, SCV  
  123  9:55  Marine, Drilling Claws  
  127  10:02  SCV  
  127  10:03  Marine x3  
  127  10:04  SCV  
  127  10:05  SCV, Widow Mine  
  134  10:08  Marine  
  134  10:09  Marine x3  
  134  10:10  Marine, Widow Mine, Medivac  
  134  10:13  SCV  
  139  10:15  Marine, SCV  
  139  10:16  SCV  
  139  10:18  SCV  
  139  10:20  Medivac, Widow Mine  
  145  10:25  Marine  
  145  10:26  Widow Mine, Marine x2  
  145  10:27  Marine  
  148  10:28  Planetary Fortress  
  148  10:32  Marine, SCV  
  148  10:35  Widow Mine, Marine x4  
  154  10:38  Supply Depot  
  154  10:40  SCV  
  154  10:41  Sensor Tower  
  156  10:47  Marine  
  156  10:48  Marine x2, Widow Mine  
  161  10:51  Marine x2  
  161  10:52  SCV  
  164  10:58  Widow Mine, Marine x2  
  164  10:59  Marine, Medivac  
  164  11:00  SCV  
  164  11:04  Marine  
  164  11:05  Marine x2  
  164  11:09  SCV  
  164  11:10  Command Center  
  170  11:11  SCV, Widow Mine  
  170  11:12  SCV  
  170  11:13  Barracks Tech Lab  
  172  11:19  SCV  
  172  11:21  SCV  
  172  11:23  Barracks Tech Lab, SCV  
  177  11:26  Widow Mine  
  177  11:29  Marine  
  175  11:34  Widow Mine  
  168  11:43  Marine  
  162  11:48  Widow Mine  
  162  11:51  Liberator x2  
  162  11:53  Marauder, Widow Mine  
  169  11:55  Marine x4  
  169  11:56  Command Center, Marauder  
  169  11:57  Marine  
  169  11:58  Marine  
  175  12:07  Refinery  
  173  12:08  Refinery  
  173  12:11  Marauder, Widow Mine  
  173  12:15  Marauder  
  175  12:17  Barracks Tech Lab, Marauder  
  175  12:19  Widow Mine  
  175  12:21  Marine x3  
  175  12:22  Marine  
  174  12:25  Marine  
  174  12:26  Marine  
  173  12:32  Widow Mine  
  173  12:33  Marauder  
  173  12:35  Missile Turret, Marauder  
  173  12:36  Marauder  
  181  12:39  Marauder  
  181  12:40  Marine x2  
  181  12:43  Marine x2  
  186  12:44  SCV  
  186  12:47  Widow Mine  
  182  12:54  Marauder  
  182  12:56  Marine  
  182  12:57  Marauder  
  182  12:58  Marauder  
  184  12:59  Widow Mine, Marine  
  184  13:00  Marauder, Marine  
  184  13:01  Marine  
  184  13:03  Marine x2  
  190  13:07  SCV  
  190  13:09  Widow Mine  
  180  13:14  Marine  
  180  13:15  Marauder, Widow Mine  
  180  13:18  Marauder  
  180  13:19  Marauder  
  189  13:21  Widow Mine, Marauder  
  179  13:29  Marine  
  179  13:30  SCV x3  
  179  13:34  SCV  
  182  13:36  Sensor Tower  
  185  13:44  Refinery  
Tags
 
Add a new tag
Caveats
  • Supply blocks, unpowered buildings, or Contaminate may cause inaccurate times.
  • Supply counts are checked every 10 seconds.